 Dungeon Crawl Stone Soup version 0.27.0-1-g7a08968 (webtiles) character file.

Game seed: 15368037939588368232

308 Illumine the Chiller (level 6, -1/44 HPs)
             Began as a Gnoll Ice Elementalist on Aug 24, 2021.
             Slain by a gnoll (6 damage)
             ... on level 4 of the Dungeon.
             The game lasted 00:03:41 (1474 turns).

Illumine the Chiller (Gnoll Ice Elementalist)       Turns: 1474, Time: 00:03:42

Health: -1/44      AC:  2    Str:  7    XL:     6   Next: 40%
Magic:  6/14       EV: 13    Int: 17    God:
Gold:   58         SH:  0    Dex: 12    Spells: 8/15 levels left

rFire    + . .     SeeInvis .   h - +3 hunting sling of the Lusting Penguin {freeze, *Slow rF+ Will+}
rCold    . . .     Faith    .   (no shield)
rNeg     . . .     Spirit   .   a - +0 robe
rPois    .         Reflect  .   (no helmet)
rElec    .         Harm     .   (no cloak)
rCorr    .         Rampage  .   (no gloves)
Will     +....                  (no boots)
Stlth    +++.......             (no amulet)
HPRegen  0.14/turn              (no ring)
MPRegen  0.14/turn              (no ring)

@: no status effects
A: fangs 1, strong nose, distributed training
a: no special abilities


You were on level 4 of the Dungeon.
You visited 1 branch of the dungeon, and saw 4 of its levels.

You collected 58 gold pieces.

Inventory:

Hand Weapons
 e - a +0 spear
 h - the +3 hunting sling of the Lusting Penguin (weapon) {freeze, *Slow rF+ Will+}
   (You found it on level 4 of the Dungeon)

   Any ammunition fired from it freezes those it strikes, dealing additional
   cold damage.
   It can also slow down cold-blooded creatures.
   rF:        It protects you from fire.
   *Slow:     It may slow you when you take damage.
   Will:      It increases your willpower.
Missiles
 j - 31 sling bullets (quivered ammo)
Armour
 a - a +0 robe (worn)
Wands
 k - a wand of acid (8)
Scrolls
 b - 2 scrolls of enchant armour {unknown}
 c - a scroll of magic mapping {unknown}
 l - a scroll of amnesia {unknown}
Potions
 d - a potion of curing {unknown}
 f - a potion of mutation {unknown}
 g - a potion of haste {unknown}


   Skills:
 + Level 2.0 Fighting
 + Level 2.0 Short Blades
 + Level 2.0 Long Blades
 + Level 2.0 Axes
 + Level 2.0 Maces & Flails
 + Level 2.0 Polearms
 + Level 2.0 Staves
 + Level 2.0 Slings
 + Level 2.0 Bows
 + Level 2.0 Crossbows
 + Level 2.0 Throwing
 + Level 2.0 Armour
 + Level 5.0 Dodging
 + Level 4.6 Stealth
 + Level 2.0 Shields
 + Level 2.0 Unarmed Combat
 + Level 5.3 Spellcasting
 + Level 1.5 Conjurations
 + Level 1.5 Hexes
 + Level 1.5 Summonings
 + Level 1.5 Necromancy
 + Level 1.5 Translocations
 + Level 1.5 Transmutations
 + Level 1.5 Fire Magic
 + Level 7.3 Ice Magic
 + Level 1.5 Air Magic
 + Level 1.5 Earth Magic
 + Level 1.5 Poison Magic
 + Level 2.1 Invocations
 + Level 2.0 Evocations


You had 8 spell levels left.
You knew the following spells:

 Your Spells              Type           Power      Damage    Failure   Level
a - Freeze                Ice            100%       1d11      1%          1
b - Frozen Ramparts       Ice            58%        1d7       1%          3
c - Ozocubu's Armour      Ice            29%        N/A       1%          3

Your spell library contained the following spells:

 Spells                   Type           Power      Damage    Failure   Level
 Hailstorm                Conj/Ice       19%        3d6       22%         4


Dungeon Overview and Level Annotations

Branches:
Dungeon (4/15)
 Temple: D:4-7

Altars:
Ashenzari

Shops:
D:4 :


Innate Abilities, Weirdness & Mutations

You have very sharp teeth.
Your uncanny sense of smell can sniff out nearby items.
Your experience applies equally to all skills.


Message History

You shoot a sling bullet. The sling bullet hits the phantom.
The phantom is almost destroyed.
The phantom hits you!
Fire: 36 sling bullets
Press: ? - help, Q - select action, (/) - cycle Shift-Dir - straight line, f/p - phantom
Aim: a phantom (almost destroyed, 53% to hit)
You shoot a sling bullet.
The sling bullet closely misses the phantom.
The phantom barely misses you.
Fire: 35 sling bullets
Press: ? - help, Q - select action, (/) - cycle Shift-Dir - straight line, f/p - phantom
Aim: a phantom (almost destroyed, 53% to hit)
You shoot a sling bullet. The sling bullet hits the phantom.
The phantom is almost destroyed.
The gnoll hits you with a +0 club.
* * * LOW HITPOINT WARNING * * *
The phantom hits you.
* * * LOW HITPOINT WARNING * * *
The phantom blinks!
You blink.
Fire: 34 sling bullets
Press: ? - help, Q - select action, (/) - cycle Shift-Dir - straight line, f/p - phantom
Aim: a phantom (almost destroyed, 53% to hit)
You shoot a sling bullet.
The sling bullet completely misses the phantom.
The phantom hits you!
* * * LOW HITPOINT WARNING * * *
The phantom blinks!
You blink.
Fire: 33 sling bullets
Press: ? - help, Q - select action, (/) - cycle Shift-Dir - straight line, f/p - phantom
Aim: a phantom (almost destroyed, 53% to hit)
You shoot a sling bullet.
The sling bullet closely misses the phantom.
The phantom barely misses you. The gnoll closely misses you.
Fire: 32 sling bullets
Press: ? - help, Q - select action, (/) - cycle Shift-Dir - straight line, f/p - phantom
Aim: a phantom (almost destroyed, 53% to hit)
You shoot a sling bullet. The sling bullet hits the phantom!
You destroy the phantom!
The gnoll hits you with a +0 club.
You die...

#..g........................
#..)####......#####.#####.#
###(# ####..## #. #.# #§###
##.# # ##.. #...# #.. ###..#
#.#.######.###### ##.....
#...#...(#+#....# #..####
##.......#_#....###.##
##.....@###.§.†))..#
#.#...g(..§..)#####
#.............## ##
##(..#..((.#...#...
##....######.#.....# #
#..................# #
#.............##...# #
#..........#### ...# ##
............# ######.


You could see a gnoll.

Vanquished Creatures
  A sky beast (D:4)
  A phantom (D:4)
  A gnoll shaman (D:4)
  2 orc priests (D:4)
  An orc wizard (D:4)
  A hound skeleton (D:4)
  3 gnolls
  A howler monkey skeleton (D:4)
  2 adders (D:4)
  A dart slug (D:2)
  2 orcs (D:4)
  3 endoplasms (D:1)
  A giant cockroach (D:1)
  2 goblins
  5 hobgoblins
  2 kobolds (D:2)
  A quokka (D:1)
  2 ball pythons
  A bat (D:1)
  A frilled lizard (D:1)
  A rat (D:1)
35 creatures vanquished.

Vanquished Creatures (others)
  2 plants (D:3)
2 creatures vanquished.

Grand Total: 37 creatures vanquished

Notes
Turn   | Place    | Note
-------+----------+-------------------------------------------
     0 | D:1      | Illumine the Gnoll Ice Elementalist began the quest for the
                  | Orb.
     0 | D:1      | Reached XP level 1. HP: 13/13 MP: 6/6
    74 | D:1      | Reached XP level 2. HP: 20/20 MP: 4/7
   387 | D:2      | Reached XP level 3. HP: 16/25 MP: 6/9
   513 | D:2      | Reached skill level 5 in Spellcasting
   597 | D:4      | Reached skill level 1 in Invocations
   706 | D:4      | Reached skill level 1 in Fighting
   706 | D:4      | Reached skill level 1 in Short Blades
   706 | D:4      | Reached skill level 1 in Long Blades
   706 | D:4      | Reached skill level 1 in Axes
   706 | D:4      | Reached skill level 1 in Maces & Flails
   706 | D:4      | Reached skill level 1 in Polearms
   706 | D:4      | Reached skill level 1 in Staves
   706 | D:4      | Reached skill level 1 in Slings
   706 | D:4      | Reached skill level 1 in Bows
   706 | D:4      | Reached skill level 1 in Crossbows
   706 | D:4      | Reached skill level 1 in Throwing
   706 | D:4      | Reached skill level 1 in Armour
   706 | D:4      | Reached skill level 1 in Shields
   706 | D:4      | Reached skill level 1 in Unarmed Combat
   706 | D:4      | Reached skill level 1 in Evocations
   708 | D:4      | Identified the +3 hunting sling of the Lusting Penguin
                  | {freeze, *Slow rF+ Will+}
   919 | D:4      | Found Epun's Book Emporium.
   982 | D:4      | Reached XP level 4. HP: 32/32 MP: 11/11
  1166 | D:4      | Learned a level 3 spell: Frozen Ramparts
  1170 | D:4      | Learned a level 3 spell: Ozocubu's Armour
  1192 | D:4      | Reached skill level 1 in Conjurations
  1192 | D:4      | Reached skill level 1 in Hexes
  1192 | D:4      | Reached skill level 1 in Summonings
  1192 | D:4      | Reached skill level 1 in Necromancy
  1192 | D:4      | Reached skill level 1 in Translocations
  1192 | D:4      | Reached skill level 1 in Transmutations
  1192 | D:4      | Reached skill level 1 in Fire Magic
  1192 | D:4      | Reached skill level 1 in Air Magic
  1192 | D:4      | Reached skill level 1 in Earth Magic
  1192 | D:4      | Reached skill level 1 in Poison Magic
  1213 | D:4      | Noticed a sky beast
  1221 | D:4      | Killed a sky beast
  1222 | D:4      | Reached XP level 5. HP: 37/37 MP: 5/12
  1283 | D:4      | Found a broken altar of Ashenzari.
  1335 | D:4      | Reached XP level 6. HP: 34/44 MP: 9/13
  1458 | D:4      | Reached skill level 5 in Dodging
  1474 | D:4      | Slain by a gnoll

Illustrated notes

Levels and vault maps discovered:
D:1:      dpeg_arrival_shelter, layout_rooms
D:2:      layout_loops_ring, nrook_loot_triangle
D:3:      layout_loops_cross, xom_butterflies, serial_shops, shop,
          serial_bayou_ford_a
D:4:      layout_rooms, ashenzari_conservatory_becter, serial_shops,
          nicolae_take_the_stairs, kennysheep_generic_room_3

Skill      XL: |  1  2  3  4  5  6 |
---------------+-------------------+-----
Spellcasting   | 5 |  5.3
Invocations    | 1 2 |  2.1
Fighting       | 1 2 |  2.0
Short Blades   | 1 2 |  2.0
Long Blades    | 1 2 |  2.0
Axes           | 1 2 |  2.0
Maces & Flails | 1 2 |  2.0
Polearms       | 1 2 |  2.0
Staves         | 1 2 |  2.0
Slings         | 1 2 |  2.0
Bows           | 1 2 |  2.0
Crossbows      | 1 2 |  2.0
Throwing       | 1 2 |  2.0
Armour         | 1 2 |  2.0
Shields        | 1 2 |  2.0
Unarmed Combat | 1 2 |  2.0
Evocations     | 1 2 |  2.0
Conjurations   | 1 |  1.5
Hexes          | 1 |  1.5
Summonings     | 1 |  1.5
Necromancy     | 1 |  1.5
Translocations | 1 |  1.5
Transmutations | 1 |  1.5
Fire Magic     | 1 |  1.5
Air Magic      | 1 |  1.5
Earth Magic    | 1 |  1.5
Poison Magic   | 1 |  1.5
Dodging        | 5 |  5.0
Stealth        | |  4.6
Ice Magic      | |  7.3

Action                   |  1- 3 |  4- 6 || total
-------------------------+-------+-------++-------
Melee: Spear             |    15 |       ||    15
 Fire: Hunting sling     |     2 |    31 ||    33
 Cast: Freeze            |    29 |     5 ||    34
       Frozen Ramparts   |       |     7 ||     7
 Stab: Sleeping          |     2 |       ||     2
Armor: Robe              |     7 |     1 ||     8
Dodge: Dodged            |    21 |    14 ||    35
